AoeStats
← joosephy

Lombardia

507673079Analyzed
4v4 RM · 14d ago on Sep 19, 2026· 39m 32s· 8 players
Game mode
Random Map
Map size
Large (8 player)
Population
200
Speed
Normal
Resources
Standard
Victory
Conquest
Starting age
Dark Age
Ending age
Imperial Age
RankedLock teamsTeams togetherTeam positionsShared explorationLock speedFull tech treeHidden civsTurbo modeCheats
Victory
Defeat
🇨🇳 Vietnamese · China
1577
+10
🇹🇼 Ethiopians · Taiwan
1566
+10
🇹🇼 Gurjaras · Taiwan
1535
+11
🇨🇦 Hindustanis · Canada
1519
+13
🇨🇳 Wei · China
1593
-16
🇨🇳 Britons · China
1510
-13
🇺🇸 Berbers · United States
1433
-11
🇨🇳 Spanish · China
1195
-4
joosephy
6:04 Loom
9:16 Feudal Age
9:48 Double-Bit Axe
17:46 Castle Age
17:10 Gold Mining
17:03 Horse Collar
17:46 Bloodlines
18:35 Scale Barding Armor
18:59 Bow Saw
19:50 Husbandry
26:33 Wheelbarrow
26:20 Chain Barding Armor
30:09 Hand Cart
30:10 Forging
32:15 Town Watch
35:37 Imperial Age
34:32 Gold Shaft Mining
35:27 Iron Casting
35:05 Heavy Plow
35:48 Heavy Camel Rider
38:18 Plate Barding Armor
38:44 Conscription
Haosbot
7:21 Loom
9:46 Feudal Age
11:02 Double-Bit Axe
12:56 Horse Collar
14:43 Fletching
22:01 Castle Age
19:57 Gold Mining
22:44 Bodkin Arrow
22:50 Padded Archer Armor
23:15 Bow Saw
22:49 Crossbowman
26:05 Wheelbarrow
32:39 Imperial Age
32:49 Ballistics
32:36 Thumb Ring
32:33 Stone Mining
32:43 Arbalester
34:26 Chemistry
34:17 Bracer
34:40 Squires
35:03 Conscription
35:02 Heavy Plow
36:12 Leather Archer Armor
36:32 Caravan
37:08 Hand Cart
40:12 Ring Archer Armor
不西西
10:44 Feudal Age
12:23 Double-Bit Axe
14:39 Castle Age
12:44 Fletching
14:05 Gold Mining
14:31 Horse Collar
15:18 Bodkin Arrow
20:37 Padded Archer Armor
22:26 Bow Saw
24:31 Bloodlines
27:09 Husbandry
27:39 Heavy Plow
29:41 Wheelbarrow
28:51 Loom
29:41 Wheelbarrow
31:40 Hand Cart
32:11 Leather Archer Armor
34:48 Imperial Age
33:19 Ballistics
33:20 Thumb Ring
36:31 Chemistry
35:32 Bracer
34:54 Heavy Cavalry Archer
36:33 Ring Archer Armor
37:51 Town Watch
Minomone
6:39 Loom
9:25 Feudal Age
9:56 Double-Bit Axe
11:20 Horse Collar
17:51 Wheelbarrow
18:15 Gold Mining
21:13 Castle Age
19:24 Scale Barding Armor
20:00 Forging
20:19 Stone Mining
21:04 Bloodlines
22:25 Bow Saw
22:31 Heavy Plow
23:47 Stone Shaft Mining
25:58 Sanctity
25:50 Fervor
27:54 Gold Shaft Mining
28:52 Fortified Wall
33:13 Imperial Age
30:29 Town Watch
32:59 Chain Barding Armor
33:14 Iron Casting
34:00 Husbandry
34:41 Hand Cart
34:26 Town Patrol
33:48 Heavy Camel Rider
35:19 Plate Barding Armor
36:14 Chemistry
35:34 Ballistics
36:50 Blast Furnace
37:24 Two-Man Saw
36:49 Conscription
37:00 Caravan
37:30 Coinage
37:26 Shatagni
37:33 Imperial Camel Rider
扒皮狗
10:58 Feudal Age
14:26 Loom
18:36 Castle Age
27:19 Horse Collar
29:15 Double-Bit Axe
33:59 Bow Saw
34:57 Wheelbarrow
34:53 Heavy Plow
36:39 Gold Mining
36:40 Stone Mining
37:44 Hand Cart
神明
10:20 Feudal Age
14:59 Castle Age
13:50 Double-Bit Axe
13:47 Horse Collar
17:38 Loom
24:58 Fletching
25:08 Padded Archer Armor
25:24 Heavy Plow
25:38 Crossbowman
28:00 Ballistics
29:08 Wheelbarrow
29:15 Leather Archer Armor
29:07 Bodkin Arrow
33:58 Bow Saw
37:33 Imperial Age
37:46 Yeomen
38:20 Arbalester
Gideon the Hero
6:46 Loom
10:10 Feudal Age
11:58 Double-Bit Axe
11:55 Horse Collar
14:38 Forging
18:44 Wheelbarrow
18:32 Scale Barding Armor
22:21 Castle Age
21:10 Fletching
21:26 Scale Barding Armor
21:13 Fletching
23:24 Bow Saw
25:07 Heavy Plow
26:12 Husbandry
26:43 Gold Mining
28:43 Bloodlines
28:22 Light Cavalry
30:30 Bodkin Arrow
31:16 Padded Archer Armor
32:36 Hand Cart
32:59 Ballistics
32:26 Town Watch
35:14 Chain Barding Armor
35:37 Thumb Ring
38:01 Iron Casting
郁离
7:10 Loom
10:31 Feudal Age
12:06 Double-Bit Axe
16:10 Castle Age
14:05 Horse Collar
14:44 Gold Mining
17:29 Bow Saw
17:57 Wheelbarrow
23:35 Scale Barding Armor
26:21 Gold Shaft Mining
27:07 Bloodlines
26:58 Husbandry
28:00 Stone Mining
29:24 Hand Cart
29:41 Forging
33:59 Town Watch
36:48 Imperial Age
34:56 Tuntian
35:41 Stone Shaft Mining
35:55 Chain Barding Armor
37:16 Iron Casting
38:34 Conscription
37:34 Elite Tiger Cavalry
38:40 Ming Guang Armor
38:19 Heavy Plow
37:47 Heavy Hei Guang Cavalry
Connection lost

Rejoining the realm…

Still unreachable

The connection could not be restored.

Session expired

The server has moved on; the page needs a fresh start.